[Event "Alef Super Stars Blitz 2023"]
[Site "Almamsha"]
[Date "2023.12.06"]
[Round "8.1"]
[White "Salem, A.R. Saleh"]
[Black "Sjugirov, Sanan"]
[Result "1-0"]
[ECO "E56"]
[WhiteElo "2639"]
[BlackElo "2703"]
[Annotator "TA"]
[PlyCount "118"]
[EventDate "2023.11.27"]
[EventType "tourn"]
[EventCountry "UAE"]
[SourceTitle "playchess.com"]
[Source "ChessBase"]
[SourceQuality "1"]
[TimeControl "180+2"]

1. d4 Nf6 2. c4 e6 3. Nf3 d5 4. Nc3 Bb4 5. e3 O-O 6. Bd3 c5 7. O-O dxc4 8. Bxc4 Nc6 9. a3 Ba5 10. Qd3 a6 11. dxc5 {[%emt 0:00:11] With the idea b4.} Qxd3 {[%emt 0:00:09] E56: Nimzo-Indian: Rubinstein: Main Line: 7...Nc6.} 12. Bxd3 {[%emt 0:00:01] White wants to play b4.} Bxc3 13. bxc3 Nd7 {[%emt 0:00:01] The position is equal.} 14. a4 Nxc5 15. Bc2 Re8 16. Ba3 $36 {[%emt 0:00:02][%mdl 2048] White fights for an advantage.} Nd7 17. Ng5 Nf6 18. Rfd1 {[%emt 0:00:01] [#]} e5 $146 ({Predecessor:} 18... Ne5 19. Ne4 Nd5 20. Nd6 Rd8 21. c4 Nf6 22. Rab1 Rb8 23. h3 Nc6 24. f4 Na5 {1-0 Fabris,A (2205)-Iotti,P (2300) Chianciano Terme op 1993}) 19. Rab1 h6 20. Ne4 Nxe4 21. Bxe4 Na5 22. Bb4 Nc4 23. Bc5 Na5 24. Rb6 {[%emt 0:00:09] White is much more active. The black rooks are badly placed. Black is weak on the dark squares} (24. Bb6 $16 Nc4 25. h3) 24... Be6 $11 25. Bb4 {[%emt 0:00:08] A strong pair of Bishops.} Red8 26. Rxd8+ Rxd8 {[%emt 0:00:03][%cal Rd8d1] [#]} 27. h4 (27. Bxa5 $2 Rd1#) 27... Nc4 (27... Bd5 $1 $11) 28. Rxb7 $16 a5 29. Be7 Rd1+ 30. Kh2 {[%emt 0:00:01] Intending Rb8+ and mate.} f5 31. Bf3 Ra1 {[%emt 0:00:06][%mdl 8192] [#]} (31... Rf1 $16 {keeps fighting.}) 32. Bh5 $1 $18 {[%emt 0:00:20] Threatens to win with Bg6.} Nd2 33. Rb8+ (33. Rb6 $142 g5 34. hxg5 (34. Rxe6 g4 $16) 34... hxg5 35. Bf6 (35. Rxe6 g4 $18) (35. Bxg5 Nf1+ 36. Kh1 Ng3+ {[%mdl 64] Discovered Attack (Double check)} 37. Kh2 Nf1+ 38. Kh3 Nd2 $11)) 33... Kh7 {[%emt 0:00:01] Strongly threatening ...Nf1+.} 34. Be2 ({White must play} 34. Rb6 $18 g6 35. Bxg6+ {[%mdl 64] Decoy} (35. Rxe6 gxh5 36. Rxe5 Rxa4 $18) 35... Kxg6 36. Rxe6+ Kf7 37. Rxe5) 34... Rxa4 35. h5 (35. Bd3 $14) 35... Bc4 $11 36. Bxc4 Rxc4 {[%emt 0:00:02][%mdl 4096] Endgame KRB-KRN} 37. Rb7 {[%emt 0:00:01] Bf6 is the strong threat.} Kg8 (37... Rxc3 $2 38. Bf6 Kg8 39. Rxg7+ (39. Bxe5 Rc5 $18) 39... Kf8 40. Ra7 $18 (40. Bxe5 Rc5 $16)) 38. Rb5 (38. Bd6 $5 ) 38... a4 39. Rxe5 Ne4 (39... Re4 $11 40. Rd5 Rxe7 41. Rxd2 Ra7) 40. Rxf5 $16 Nxc3 41. f3 Rc7 (41... Rc8 $16 {was called for.}) 42. Bb4 $18 Na2 (42... Ne2 $16 43. e4 Rb7) 43. Bd6 Rc6 (43... Rd7 $16) 44. Bc5 (44. Rf8+ $142 Kh7 45. Be5) 44... Nc1 45. e4 Nd3 46. Be7 (46. Ba3 $142) 46... Rc7 (46... Re6 $16) 47. Bd6 Rc6 48. Rf8+ (48. Rd5 $18 Ne1 49. Bg3) 48... Kh7 $16 49. e5 {[%emt 0:00:00][%cal Oe5e6] e6! would be deadly.} Ra6 $2 (49... Nb2 $16 50. Ra8 Nc4) 50. Ba3 $2 ({Only move:} 50. e6 $18 {e7 would kill now.} Rxd6 51. e7) 50... Nxe5 $11 51. Rb8 Nc4 52. Bb4 a3 {[%emt 0:00:01] And now ...a2 would win.} 53. Bc3 a2 54. Rb7 Kg8 (54... a1=B $2 55. Rxg7+ Kh8 56. Rg6+ Bxc3 57. Rxa6 $18) 55. Rxg7+ Kf8 56. Rc7 Ne3 (56... a1=B $2 57. Bxa1 Rxa1 58. Rxc4 $18) 57. Ba1 Ra5 (57... Rd6 $11 {remains equal.}) 58. g4 $16 Rb5 $2 (58... Ra3 $16 {is a better chance.}) 59. Ra7 Rb1 {[%emt 0:00:05] Weighted Error Value: White=0.40/Black=0.51} (59... Nf1+ $2 60. Kg2 Ne3+ 61. Kg3 $18) 1-0

[Event "Alef Super Stars Blitz 2023"]
[Site "Almamsha"]
[Date "2023.12.06"]
[Round "8.2"]
[White "Nihal Sarin"]
[Black "Yu, Yangyi"]
[Result "1-0"]
[ECO "C54"]
[WhiteElo "2688"]
[BlackElo "2714"]
[Annotator "TA"]
[PlyCount "99"]
[EventDate "2023.11.27"]
[EventType "tourn"]
[EventCountry "UAE"]
[SourceTitle "playchess.com"]
[Source "ChessBase"]
[SourceQuality "1"]
[TimeControl "180+2"]

1. e4 e5 2. Nf3 Nc6 3. Bc4 Nf6 4. d3 Bc5 5. O-O O-O 6. h3 d6 7. c3 Bb6 {[%emt 0:00:04] 7...a5 gains popularity.} 8. Nbd2 {[%emt 0:00:07] C54: Giuoco Piano: 4 c3 Nf6, main lines with 5 d4 and 5 d3.} Ne7 9. Re1 Ng6 10. d4 {[%emt 0:00:03] The position is equal.} c6 11. Bf1 Re8 12. a4 $5 {[%emt 0:00:04][%mdl 4] [#] A promising side line.} a5 $146 ({Predecessor:} 12... h6 13. Qc2 Bc7 14. dxe5 Nxe5 15. Nxe5 Rxe5 16. Nc4 Re6 17. Bf4 d5 18. Bxc7 Qxc7 19. exd5 Nxd5 {½-½ Bjerre,J (2601)-Kryvoruchko,Y (2683) Bundesliga 2122 2022 (6.3)}) 13. b3 d5 14. dxe5 Nxe5 15. exd5 Nxf3+ ({But not} 15... Qxd5 16. Nxe5 Rxe5 17. Rxe5 Qxe5 18. Nc4 $14) 16. Nxf3 Rxe1 17. Qxe1 {[%emt 0:00:02] dxc6 is the strong threat.} Nxd5 18. Bg5 Qf8 19. c4 Nf6 20. Bxf6 gxf6 21. Qc3 Qg7 (21... Qd6 $11 {remains equal.}) 22. c5 (22. Re1 $16 {aiming for Re8+.} Be6 23. Nd4) 22... Bc7 $14 23. Re1 $36 {[%emt 0:00:11][%mdl 2048] White has some pressure.} Be6 24. Bc4 (24. Nd4 $16) 24... Re8 25. Bxe6 Rxe6 26. Rd1 Qg6 27. Qd3 Kg7 (27... Qxd3 $11 {keeps the balance.} 28. Rxd3 Kf8) 28. g3 ({White should try} 28. Qxg6+ $16 hxg6 29. Rd7) 28... Qe4 $2 {[%emt 0:00:14] [#] Loses the game.} (28... Bb8 $11) 29. Qxe4 Rxe4 $18 {[%emt 0:00:01][%mdl 4096] Endgame KRB-KRN} 30. Rd7 Be5 31. Rxb7 Bc3 32. Rb6 Re6 33. Nh4 Bb4 34. Ra6 Re1+ (34... Re5 $16) 35. Kg2 Bxc5 36. Rxa5 ({Don't do} 36. Rxc6 $6 Bb4 37. Nf5+ Kg6) 36... Bb4 $2 (36... Rc1 {was called for.} 37. g4 Rc2 38. Nf5+ Kg6) 37. Ra6 Rc1 38. Rb6 c5 39. Nf5+ Kg6 40. Ne7+ Kg7 41. Nd5 Ba5 42. Rc6 {[%emt 0:00:02] [#] b4 would be deadly.} Rc2 $2 (42... Rb1 43. Rxc5 Be1) 43. b4 {[%emt 0:00:01] White is clearly winning.} Bd8 44. Rxc5 Ra2 45. a5 f5 46. h4 h6 47. Rc8 Bf6 48. Nxf6 Kxf6 49. Rc6+ Kg7 50. a6 {[%emt 0:00:01] Weighted Error Value: White=0.26 (precise) /Black=0.43} 1-0

[Event "Alef Super Stars Blitz 2023"]
[Site "Almamsha"]
[Date "2023.12.06"]
[Round "9.1"]
[White "Yu, Yangyi"]
[Black "Salem, A.R. Saleh"]
[Result "1-0"]
[ECO "C84"]
[WhiteElo "2714"]
[BlackElo "2639"]
[Annotator "TA"]
[PlyCount "101"]
[EventDate "2023.11.27"]
[EventType "tourn"]
[EventCountry "UAE"]
[SourceTitle "playchess.com"]
[Source "ChessBase"]
[SourceQuality "1"]
[TimeControl "180+2"]

1. e4 e5 2. Nf3 Nc6 3. Bb5 a6 4. Ba4 Nf6 5. O-O Be7 6. d3 b5 7. Bb3 d6 8. a4 Bd7 {[%emt 0:00:01] 8...Bd7 is better than 8...b4.} 9. Be3 {[%emt 0:00:01] C84: Closed Ruy Lopez: Unusual White 6th moves.} Na5 10. Ba2 bxa4 11. Nc3 {[%emt 0:00:04] The position is equal.} O-O 12. Bb1 c5 13. Nxa4 Rb8 14. h3 {[%emt 0:00:17] [#]} h6 $146 ({Predecessor:} 14... Nc6 15. Bc1 c4 16. Nc3 cxd3 17. cxd3 Nb4 18. d4 Qc7 19. Bg5 h6 20. Bh4 Rfe8 {½-½ Safarli,E (2694)-Tomashevsky,E (2722) EU-Cup 32nd Novi Sad 2016 (4.4)}) 15. Re1 (15. Bd2 $5 ) 15... Re8 16. Qc1 Nc6 17. Ba2 (17. Nd2 $142) 17... Nd4 $11 18. Bxd4 cxd4 (18... Bxa4 19. Bxe5 dxe5 20. Nxe5 $16) (18... exd4 19. Bc4 $11) 19. Bc4 a5 (19... Nh5 $15) 20. c3 dxc3 21. Nxc3 Qb6 22. Ra2 Rec8 23. Qd2 Bd8 24. Rea1 Qb4 25. Ne1 Qb7 26. Nc2 Bb6 27. Ne3 Be6 28. Ned5 Nxd5 29. Bxd5 Qe7 30. Qe2 Qf6 31. Rf1 Kh7 32. Kh1 Bd4 (32... Qd8 $15) 33. Rxa5 {[%emt 0:00:21] [#]} (33. Bxe6 {with more complications.} Qxe6 34. Rxa5 Rxb2 35. Qxb2 Bxc3 36. Qa2) 33... Rxb2 $1 {[%emt 0:00:04][%mdl 64] Decoy} 34. Qxb2 Bxc3 35. Bxe6 Qxe6 36. Qa2 {[%emt 0:00:02] And now Qxe6 would win.} Bxa5 37. Qxa5 {[%emt 0:00:01][%mdl 4096] Endgame KQR-KQR} Rc2 38. Kg1 Qb3 39. Qa6 Qb4 40. Qa7 Qb3 41. Qa6 Qb4 42. Qa7 Kg6 43. Qd7 f6 $1 44. Ra1 {[%emt 0:00:07] Threatening mate with Ra7.} h5 $2 {[%emt 0:00:04][%mdl 8192] [#]} (44... Ra2 $11 45. Rc1 (45. Rxa2 Qb1+ 46. Kh2 Qxa2 $11) (45. Qf5+ Kf7 $11) 45... Rc2 46. Qg4+ (46. Rxc2 Qb1+ 47. Kh2 Qxc2 $11) (46. Qf5+ Kf7 $11) 46... Kf7 47. Rxc2 (47. Qd7+ Kg6 $11) 47... Qb1+ 48. Kh2 Qxc2) 45. Qf5+ Kh6 46. g4 hxg4 47. hxg4 g6 48. Qxf6 (48. g5+ $142 Kh5 49. Qh3+ (49. gxf6+ $2 {too greedy.} gxf5 50. Rf1 fxe4 $19) 49... Kxg5 50. Qe3+ Kh5 51. Kg2 Rxf2+ 52. Qxf2 Qb2 53. Qxb2) 48... Qd2 49. Kg2 (49. Qxd6 $2 {is a self mate.} Qxf2+ 50. Kh1 Qh2#) (49. Qh4+ $142 Kg7 50. Ra7+ Rc7 51. Rxc7+ Kg8 52. Qd8#) 49... Rc1 50. Qh4+ Kg7 51. Ra7+ {[%emt 0:00:01] Weighted Error Value: White=0.06 (flawless) /Black=0.46} 1-0

[Event "Alef Super Stars Blitz 2023"]
[Site "Almamsha"]
[Date "2023.12.06"]
[Round "10.1"]
[White "Salem, A.R. Saleh"]
[Black "Nihal Sarin"]
[Result "1/2-1/2"]
[ECO "D15"]
[WhiteElo "2639"]
[BlackElo "2688"]
[Annotator "TA"]
[PlyCount "62"]
[EventDate "2023.11.27"]
[EventType "tourn"]
[EventCountry "UAE"]
[SourceTitle "playchess.com"]
[Source "ChessBase"]
[SourceQuality "1"]
[TimeControl "180+2"]

1. d4 d5 2. c4 c6 3. Nf3 Nf6 4. Nc3 a6 5. g3 Bf5 6. Bg2 {[%emt 0:00:01] D15: Slav Defence: 4 Nc3 a6 and gambit lines after 4 Nc3 dxc4.} e6 7. O-O h6 {[%emt 0:00:01] 7...Be7 is the modern continuation.} 8. Nd2 {[%emt 0:00:04] White is slightly better.} Be7 9. e4 dxe4 10. Ndxe4 O-O 11. Bf4 Nxe4 12. Nxe4 Bxe4 13. Bxe4 Nd7 14. Qb3 Nf6 15. Bg2 Qd7 {[%emt 0:00:01] [#]} 16. Rad1 $146 ({Predecessor:} 16. Rfd1 b5 17. Rac1 Rfc8 18. Be5 bxc4 19. Rxc4 Nd5 20. Qf3 a5 21. b3 Ra7 22. h4 {1-0 Zhou,J (2609)-Kazhgaleyev,M (2595) Asia-chT 17th 2012 (7.2)}) 16... b5 17. Qf3 {[%emt 0:00:34] The position is equal.} bxc4 18. Qxc6 Qxc6 19. Bxc6 {[%emt 0:00:02] A strong pair of Bishops.} Ra7 (19... Rad8 $5 ) 20. Rc1 Nd5 21. Bd2 Rb8 22. Rc2 Bf6 (22... Rb6 $5 23. Ba4 Bg5 $11) 23. Rb1 c3 24. Bxc3 Nxc3 25. Rxc3 Bxd4 26. Rc2 a5 27. b3 g6 28. Rd1 e5 29. Bd5 Kg7 (29... Rd8 $5 30. Bf3 $8 Rad7 $11) 30. Rc6 h5 (30... Rd7 $5 31. Bf3 $8 a4 $15) 31. Kg2 a4 {[%emt 0:00:02] Weighted Error Value: White=0.04 (flawless) /Black=0.04 (flawless)} 1/2-1/2

[Event "Alef Super Stars Blitz 2023"]
[Site "Almamsha"]
[Date "2023.12.06"]
[Round "10.2"]
[White "Sjugirov, Sanan"]
[Black "Yu, Yangyi"]
[Result "1-0"]
[ECO "C65"]
[WhiteElo "2703"]
[BlackElo "2714"]
[Annotator "TA"]
[PlyCount "91"]
[EventDate "2023.11.27"]
[EventType "tourn"]
[EventCountry "UAE"]
[SourceTitle "playchess.com"]
[Source "ChessBase"]
[SourceQuality "1"]
[TimeControl "180+2"]

1. e4 e5 2. Nf3 Nc6 3. Bb5 Nf6 4. d3 Bc5 5. Bxc6 dxc6 6. O-O {[%emt 0:00:03] C65: Ruy Lopez: Berlin Defence (3...Nf6), unusual lines and 4 0-0 Bc5.} Qe7 7. Bg5 h6 8. Bh4 {[%emt 0:00:01] The position is equal.} Bg4 9. Nbd2 O-O-O 10. a3 {[%emt 0:00:20] [#]} Bd6 $146 ({Predecessor:} 10... g5 11. Bg3 Bd6 12. b4 Nh5 13. c4 c5 14. b5 Nf4 15. h3 Bd7 16. Qa4 Kb8 {1-0 Stuhr,F (1737)-Adrian,M (1621) Faxe Dags op 2016 (4)}) 11. Nc4 g5 12. Bg3 Nd7 13. Ne3 (13. h3 $5 Bh5 14. b4 $11) 13... Be6 14. d4 (14. b4 $11) 14... g4 (14... h5 $15) 15. Nh4 ({Don't play} 15. Nxe5 Nxe5 16. dxe5 Bxe5 $15) ({Better is} 15. Bh4 $14 f6 16. d5 cxd5 17. exd5 gxf3 18. dxe6 Qxe6 19. Qxf3) 15... exd4 $11 16. Qxd4 Bxg3 (16... Bc5 $5 17. Qg7 Qf6 $11) 17. hxg3 Qc5 18. Qxc5 Nxc5 19. f3 h5 20. Rad1 Na4 21. b3 Nc3 22. Rde1 (22. Rxd8+ $11 Rxd8 23. Nhf5) 22... a5 (22... b6 $17) 23. Nd1 $1 Nb1 24. a4 (24. Ne3 $11 {keeps the balance.} Nc3 25. Nd1) 24... b5 (24... Rd2 $1 $17 {Threatens to win with ...Na3.} 25. Ne3 Nc3) 25. Nf5 (25. Ne3 $11 Nd2 26. Rf2) 25... Bxf5 26. exf5 Rhe8 (26... bxa4 $17 {Hoping for ...a3.} 27. bxa4 Nd2) 27. Rxe8 Rxe8 28. fxg4 hxg4 {[%emt 0:00:04][%mdl 4096] Endgame ...Nd2 would be deadly. KRN-KRN} 29. Nf2 $1 Nd2 30. Rd1 Re2 31. Nxg4 Ne4 32. Kh2 Rxc2 {[%emt 0:00:03] With the idea ...Rc3.} 33. Re1 Nd6 (33... Nd2 $5 34. Re8+ Kd7 35. Nf6+ Kd6 $11) 34. f6 (34. Nh6 $1 $11 {remains equal.}) 34... Rc3 (34... bxa4 $1 $17 35. bxa4 Rc4) 35. Ne5 b4 $2 (35... Ne8 $1 $11) 36. g4 $1 $18 ({Not} 36. Rb1 c5 37. g4 c4 38. bxc4 Re3 $15) 36... Rxb3 37. g5 $1 {[%emt 0:00:01][%cal Oe5f7] And now Nxf7! would win.} Rb2 38. Rf1 {[%emt 0:00:04][%cal Oe5f7] Prevents Rf2. Black must now prevent Nxf7!} ({Inferior is} 38. g6 fxg6 39. Kg3 Rc2 $17) 38... Re2 {[%emt 0:00:04] [#]} 39. Nxf7 $1 {[%emt 0:00:04][%mdl 576] Remove Defender} Nxf7 {[%emt 0:00:01] KRN-KR} 40. g6 Re8 41. gxf7 Rf8 {[%emt 0:00:00] [#]} 42. g4 $1 {[%emt 0:00:00][%cal Bg2g4,Bg4g5][%mdl 32] Intending g5 and mate.} Rxf7 43. g5 {[%emt 0:00:00] White mates.} Rh7+ 44. Kg3 Rh5 45. Kg4 Rh2 46. f7 {[%emt 0:00:01] Weighted Error Value: White=0.17 (very precise) /Black=0.66} 1-0

[Event "Alef Super Stars Blitz 2023"]
[Site "Almamsha"]
[Date "2023.12.06"]
[Round "11.1"]
[White "Sjugirov, Sanan"]
[Black "Salem, A.R. Saleh"]
[Result "0-1"]
[ECO "C90"]
[WhiteElo "2703"]
[BlackElo "2639"]
[Annotator "TA"]
[PlyCount "86"]
[EventDate "2023.11.27"]
[EventType "tourn"]
[EventCountry "UAE"]
[SourceTitle "playchess.com"]
[Source "ChessBase"]
[SourceQuality "1"]
[TimeControl "180+2"]

1. e4 e5 2. Nf3 Nc6 3. Bb5 a6 4. Ba4 Nf6 5. O-O Be7 6. d3 b5 7. Bb3 d6 8. a4 Bd7 9. c3 O-O 10. Nbd2 Na5 11. Bc2 c5 12. Re1 Re8 13. Nf1 h6 {[%emt 0:00:06] 13...Nc6 is vanishing.} 14. h3 {[%emt 0:00:10] C90: Closed Ruy Lopez with 7...d6: Early deviations.} Bf8 15. d4 b4 16. Ng3 {[%emt 0:00:21] White is slightly better.} Qc7 17. cxb4 cxb4 {[%emt 0:00:02] [#]} 18. Bd3 $146 (18. d5 $14) ({Predecessor:} 18. b3 Rec8 19. Re2 Nc6 20. Bb2 Re8 21. Rc1 Qb6 22. Qd2 a5 23. Bd3 Rac8 24. Bc4 {1-0 Swiercz,D (2649)-Shahade,G (2476) Titled Tuesday intern op 01st Dec blitz 2020 (11)}) 18... Qb7 (18... exd4 $1 $11 19. b3 (19. Nxd4 d5 $11) 19... Nc6) 19. d5 Rec8 20. Re2 Be7 21. Rc2 Rxc2 22. Qxc2 Bd8 23. Bd2 Rc8 24. Qd1 Nc4 25. Bxc4 Rxc4 26. b3 Rxe4 27. Nxe4 Nxe4 28. Be1 (28. a5 $11 {keeps the balance.}) 28... Bb6 {[%emt 0:00:02] Black is much more active.} ({Black should play} 28... a5 $17 29. Rc1 f5) 29. Rc1 Bc5 (29... a5 $1 $17 {And now ...Nc5 would win.} 30. Nd2 Nc3) 30. Qd3 (30. Rc4 $11 f5 31. Kh2) 30... f5 $1 $15 31. Nd2 (31. Nh4 $15) 31... Nf6 (31... Nc3 $142 32. Nc4 e4) 32. Nc4 {[%emt 0:00:03][%cal Oc4e5] Threatens to win with Nxe5!} e4 ({Don't do} 32... Qxd5 33. Qxd5+ Nxd5 34. Nxe5 Bxf2+ 35. Kxf2 $16 (35. Bxf2 dxe5 36. Rc5 Be6 $16)) (32... Nxd5 $6 33. Nxe5 Bxf2+ 34. Bxf2 $11) 33. Qd1 Nxd5 ({Not} 33... Qxd5 34. Na5 $17) 34. Bd2 Be6 35. Qh5 Kh7 36. Qe8 {[%emt 0:00:04] [#]} (36. a5 $17) 36... Bf7 $1 $19 37. Qf8 {[%emt 0:00:01] [#]} Qd7 38. Rd1 $2 (38. Kh2 {was worth a try.}) 38... Qe6 39. Be3 $2 (39. Bc1 Qg6 40. Kh1) 39... Nxe3 40. fxe3 f4 41. Rf1 f3 (41... Bxe3+ $2 42. Nxe3 f3 43. gxf3 $18) (41... fxe3 {( -> ...e2+)} 42. Rxf7 e2+ 43. Kh2 Qg6 44. Rxg7+ Qxg7 45. Qf5+ Qg6 46. Qd7+ Kh8) 42. Rf2 (42. gxf3 exf3 43. Rxf3 Qg6+ 44. Kh2 Qc2+ 45. Kg3) 42... Qg6 $2 (42... Qf6 {Strongly threatening ...Bxc4.} 43. Rb2 Bxc4 44. Qxf6 Bxe3+ 45. Kh1 gxf6 46. gxf3 Bd4) 43. Nd2 (43. Ne5 $19 Qf5 44. Nxf7 Bxe3 45. Qh8+ Kg6 46. Qe8 (46. Nxd6 Bxf2+ 47. Kxf2 Qc5+ 48. Kf1 Qc1+ 49. Kf2 Qd2+ 50. Kg3 Qg5+ 51. Kf2 Qd2+ 52. Kg3 Qxd6+ 53. Kf2 Qd2+ 54. Kg3 Qxg2+ 55. Kf4 f2 56. Ke3 Qf3+ 57. Kd4 Qd3+ 58. Kc5 f1=Q 59. Qe8+ Kh7 60. Qe7 e3 61. Qe6 e2 62. h4 e1=Q 63. Qxe1 Qf8+) 46... Bxf2+ 47. Kxf2 fxg2+ 48. Kxg2 Qf3+ 49. Kg1 Qg3+ 50. Kh1 Qxh3+ 51. Kg1 Qg4+ 52. Kf1 Qf3+ 53. Ke1 Qe3+ 54. Kf1 Qf4+ 55. Ke2 Qxf7 56. Qxe4+ Qf5 57. Qxb4) 43... Bxe3 {[%emt 0:00:01] Weighted Error Value: White=0.92/Black=0.55} 0-1

[Event "Alef Super Stars Blitz 2023"]
[Site "Almamsha"]
[Date "2023.12.06"]
[Round "11.2"]
[White "Yu, Yangyi"]
[Black "Nihal Sarin"]
[Result "1/2-1/2"]
[ECO "B91"]
[WhiteElo "2714"]
[BlackElo "2688"]
[Annotator "TA"]
[PlyCount "85"]
[EventDate "2023.11.27"]
[EventType "tourn"]
[EventCountry "UAE"]
[SourceTitle "playchess.com"]
[Source "ChessBase"]
[SourceQuality "1"]
[TimeControl "180+2"]

1. e4 c5 2. Nf3 d6 3. d4 cxd4 4. Nxd4 Nf6 5. Nc3 a6 6. g3 e5 7. Nb3 Be7 8. Bg2 O-O 9. O-O b5 10. Be3 {[%emt 0:00:02] B91: Sicilian Najdorf: 6 g3.} Bb7 11. a4 b4 $1 12. Nd5 Nxd5 13. exd5 a5 {[%emt 0:00:01] [#]} 14. c3 $146 ({Predecessor:} 14. h4 f5 15. f4 Nd7 16. fxe5 Nxe5 17. Nd4 Ng4 18. Bf4 Qb6 19. Kh1 Bf6 20. Nxf5 {0-1 Abdumalik,Z (2472)-Bjerre,J (2542) Gelfand Challenge rapid 2021 (13)}) 14... bxc3 15. bxc3 Ba6 {[%emt 0:00:02] Prevents c4} 16. Re1 Nd7 17. Bf1 Bxf1 18. Rxf1 f5 19. f3 f4 20. Bf2 fxg3 21. hxg3 Nf6 22. Qd3 Qd7 23. Nd2 h5 (23... Qh3 $15 24. Rfe1 h5) 24. Kg2 $11 Rab8 (24... h4 {seems wilder.} 25. c4 Rab8 26. Qg6 Rb2) 25. Rfb1 {[%emt 0:00:18] The position is equal.} (25. Nc4 h4 26. Ra2 hxg3 27. Bxg3 Nh5 $17) 25... Rxb1 26. Rxb1 Qxa4 27. Rb7 Rf7 28. Qf5 ({But not} 28. Qg6 h4 29. Ne4 (29. gxh4 Qf4 $17) 29... Nxe4 30. Qxe4 (30. fxe4 $2 {too greedy.} Qc2 $19) 30... Qxe4 31. fxe4 Bg5 $17) 28... Qe8 29. Qe6 Bf8 {[%emt 0:00:01] [#] ...Qxe6 is the strong threat.} 30. Qxe8 Nxe8 31. Rb8 Nf6 32. c4 a4 33. Ra8 Rb7 34. Rxa4 Rb2 35. Ne4 Nxe4 36. fxe4 {[%emt 0:00:00][%mdl 4096] Endgame KRB-KRB} Rc2 37. Kf1 Be7 38. Be3 Kf7 39. Ra7 Ke8 (39... Rxc4 $2 40. Bg5 $18) 40. Ra8+ Kf7 41. Ra7 Ke8 (41... Rxc4 $2 42. Bg5 $18) 42. Ra8+ Kf7 43. Ra7 {[%emt 0:00:01] Weighted Error Value: White=0.06 (flawless) /Black=0.06 (flawless)} 1/2-1/2

[Event "Alef Super Stars Blitz 2023"]
[Site "Almamsha"]
[Date "2023.12.06"]
[Round "12.1"]
[White "Salem, A.R. Saleh"]
[Black "Yu, Yangyi"]
[Result "1-0"]
[ECO "E05"]
[WhiteElo "2639"]
[BlackElo "2714"]
[Annotator "TA"]
[PlyCount "81"]
[EventDate "2023.11.27"]
[EventType "tourn"]
[EventCountry "UAE"]
[SourceTitle "playchess.com"]
[Source "ChessBase"]
[SourceQuality "1"]
[TimeControl "180+2"]

1. d4 Nf6 2. c4 e6 3. Nf3 d5 4. g3 Be7 5. Bg2 O-O 6. O-O dxc4 7. Qc2 a6 8. a4 Bd7 9. Qxc4 Bc6 10. Bf4 Bd6 {[%emt 0:00:11] E05: Open Catalan: 5 Nf3 Be7.} 11. Qc1 Nbd7 12. Re1 Rc8 {[%emt 0:00:39] The position is equal.} 13. Nc3 Ne4 {[%emt 0:00:04] [#]} (13... Bxf3 $11 14. Bxf3 Bxf4 15. Qxf4 c6) 14. Ne5 $146 ({Predecessor:} 14. h4 Nxc3 15. bxc3 Be4 16. Qe3 Bd5 17. Qd2 Nf6 18. Bg5 Ne4 19. Qc2 Nxg5 20. Nxg5 {½-½ Le,Q (2709)-Esipenko,A (2682) Speed Chess Super Swiss blitz 2020 (9)}) 14... Bxe5 15. dxe5 Nxc3 16. Bxc6 Nxe2+ 17. Rxe2 bxc6 {[%emt 0:00:01] Black is weak on the dark squares} 18. a5 {[%emt 0:00:03] Against Nb6} ({White should try} 18. Rd2 $16 {Strongly threatening Qd1.} g5 19. Qxc6 Nxe5 20. Qc3) 18... c5 (18... Nb8 $11) 19. Qc4 {[%emt 0:00:46][%mdl 1024] White has compensation.} Ra8 (19... h6 $14) 20. Rd2 $16 Qe7 21. Rad1 Rfd8 22. h4 $1 h6 {[%emt 0:00:01] [#] Repels Bg5} 23. Qe2 {[%emt 0:00:00] White has more active pieces.} (23. h5 $142 $1) 23... Kf8 $2 (23... Nf8 $16) 24. Qe4 $18 Rac8 25. Qh7 f5 26. Qg6 $2 (26. h5 $18) 26... Qe8 $2 (26... Nb8 $16) 27. Qh7 {[%emt 0:00:00][%cal Of4h6] And now Bxh6! would win. White is clearly winning.} Qe7 28. h5 {[%emt 0:00:00] Be3 is the strong threat.} c4 29. Kh2 Qf7 30. Kg2 Ke8 {[%emt 0:00:14] [#]} (30... Rb8 $142 31. Rxd7 Rxd7 32. Rxd7 Qxd7 33. Qh8+ {[%mdl 64] Skewer} Kf7 34. Qxb8 Qd5+ 35. Kh2 Qc5) 31. Bxh6 $1 gxh6 32. Qxf7+ {[%emt 0:00:02][%mdl 64] Remove Defender} Kxf7 33. Rxd7+ Ke8 {[%emt 0:00:04] [#]} 34. Rxd8+ Rxd8 35. Rxd8+ Kxd8 {[%emt 0:00:00][%mdl 4096] Endgame KP-KP} 36. Kf3 Kd7 37. Ke3 {[%emt 0:00:01] Threatening mate with Kd4.} c5 38. f3 Kc6 39. g4 {[%emt 0:00:02][%cal Og4g5] White threatens g5! and mate.} Kd5 40. Kf4 fxg4 41. fxg4 {[%emt 0:00:01] Weighted Error Value: White=0.37/Black=0.65} 1-0